AoeStats
← Ykaru_C

QS Arena

503137356Analyzed
1v1 RM · 11d ago on Aug 30, 2026· 41m 52s· 2 players
Game mode
Random Map
Map size
Tiny (2 player)
Population
200
Speed
Normal
Resources
Standard
Victory
Conquest
Starting age
Dark Age
Ending age
Imperial Age
RankedLock teamsTeams togetherTeam positionsShared explorationLock speedFull tech treeHidden civsTurbo modeCheats
Victory
Defeat
🇨🇳 Persians · China
608
+15
🇦🇷 Khmer · Argentina
595
-15
Ykaru_C
8:49 Feudal Age
9:23 Double-Bit Axe
13:10 Gold Mining
16:26 Castle Age
16:24 Loom
19:38 Gold Shaft Mining
19:16 Bow Saw
18:48 Horse Collar
21:07 Forging
21:03 Scale Barding Armor
23:00 Chain Barding Armor
23:40 Iron Casting
35:08 Imperial Age
33:45 Crossbowman
36:57 Plate Barding Armor
37:23 Blast Furnace
36:24 Padded Archer Armor
36:15 Fletching
38:29 Elite Battle Elephant
40:25 Husbandry
40:52 Bloodlines
Danny chan
8:32 Feudal Age
13:08 Castle Age
11:41 Double-Bit Axe
15:50 Bow Saw
15:26 Horse Collar
20:36 Fervor
20:39 Stone Mining
21:06 Heavy Plow
21:14 Gold Mining
22:58 Gold Shaft Mining
23:13 Stone Shaft Mining
32:12 Imperial Age
29:28 Loom
30:19 Wheelbarrow
29:31 Town Watch
30:23 Masonry
30:17 Scale Mail Armor
30:28 Forging
30:57 Squires
30:18 Pikeman
32:53 Chain Mail Armor
33:14 Iron Casting
33:46 Scale Barding Armor
34:15 Plate Mail Armor
33:53 Scale Barding Armor
33:53 Murder Holes
34:29 Architecture
33:28 Halberdier
36:41 Hand Cart
36:26 Town Patrol
37:31 Blast Furnace
36:43 Husbandry
36:54 Bloodlines
36:05 Cavalier
37:53 Conscription
40:14 Chain Barding Armor
41:13 Two-Man Saw
40:46 Crop Rotation
Connection lost

Rejoining the realm…

Still unreachable

The connection could not be restored.

Session expired

The server has moved on; the page needs a fresh start.